 Dungeon Crawl Stone Soup version 0.19.0-26-g9e9c210 (webtiles) character file.

1089 jerryfan the Firebug (level 7, 0/53 HPs)
             Began as a Demigod Fire Elementalist on Nov 18, 2016.
             Slain by a sky beast (5 damage)
             ... on level 5 of the Dungeon on Nov 23, 2016.
             The game lasted 00:29:13 (5482 turns).

jerryfan the Firebug (Demigod Fire Elementalist)    Turns: 5482, Time: 00:29:14

Health: 0/53       AC:  4    Str: 11    XL:     7   Next: 83%
Magic:  15/15      EV: 13    Int: 23    God:
Gold:   256        SH:  3    Dex: 16    Spells: 3 memorised, 7 levels left

rFire  + . .     SeeInvis .     u - +0 rod of ignition (9/14)
rCold  . . .     Gourm    .     a - +1 robe
rNeg   . . .     Faith    .     (no shield)
rPois  .         Spirit   .     (no helmet)
rElec  .         Reflect  +     l - +0 cloak
rCorr  .         Harm     .     (no gloves)
MR     .....                    (no boots)
Stlth  ++........               i - +3 amulet of reflection
                                (no ring)
                                h - ring of protection from fire

@: no status effects
A: high mp 1
a: no special abilities


You were on level 5 of the Dungeon.
You were not hungry.

You visited 1 branch of the dungeon, and saw 5 of its levels.

You collected 256 gold pieces.

Inventory:

Hand Weapons
 d - a +0 dagger
 e - a +1 hand axe of electrocution
 f - a +2 short sword of venom
 n - a +1 trident of flaming
 q - a +1 dagger of chaos
Missiles
 o - 8 javelins (quivered)
Armour
 a - a +1 robe (worn)
 k - a +0 cloak
 l - a +0 cloak (worn)
Magical Staves
 t - an uncursed staff of air
Rods
 u - a +0 rod of ignition (9/14) (in hand)
   (You took it off an orc on level 5 of the Dungeon)
Jewellery
 h - a ring of protection from fire (left hand)
 i - a +3 amulet of reflection (around neck)
Wands
 r - a wand of lightning (3/15)
Scrolls
 g - 2 scrolls of recharging
 m - 2 scrolls of remove curse
 s - a scroll of identify
Books
 b - a book of Flames

   Spells                             Type                      Level
   a - Flame Tongue                   Conjuration/Fire             1
   b - Throw Flame                    Conjuration/Fire             2
   c - Conjure Flame                  Conjuration/Fire             3
   d - Inner Flame                    Hexes/Fire                   3
   e - Sticky Flame                   Conjuration/Fire             4
   f - Fireball                       Conjuration/Fire             5
Comestibles
 c - 3 bread rations
 p - a slice of pizza


   Skills:
 + Level 1.7 Fighting
 + Level 0.3 Short Blades
 + Level 4.0 Axes
 + Level 1.0 Throwing
 + Level 2.8 Dodging
 + Level 3.1 Stealth
 + Level 3.6 Spellcasting
 + Level 2.6 Conjurations
 + Level 1.2 Hexes
 + Level 4.7 Fire Magic


You had 7 spell levels left.
You knew the following spells:

 Your Spells              Type           Power        Failure   Level  Hunger
a - Flame Tongue          Conj/Fire      ###..        2%          1    None
b - Throw Flame           Conj/Fire      ###...       3%          2    #......
c - Inner Flame           Hex/Fire       ###.....     12%         3    ###....


Dungeon Overview and Level Annotations

Branches:
Dungeon (5/15)
 Temple: D:4-7

Shops:
D:5 }


Innate Abilities, Weirdness & Mutations

You have an increased reservoir of magic. (+10% MP)


Message History

You hear a mighty clap of thunder!
This wand has 5 charges left.
Something hits you.
* * * LOW HITPOINT WARNING * * *
Something shocks you.
* * * LOW HITPOINT WARNING * * *
Deactivating autopickup; reactivate with Ctrl-A.
Evoke which item? (* to show all) (? for menu, Esc to quit)
Zapping:
r - a wand of lightning (5/15)
Press: ? - help, Shift-Dir - straight line You hear a mighty clap of thunder!
This wand has 4 charges left.
Something hits you but does no damage.
Evoke which item? (* to show all) (? for menu, Esc to quit)
Zapping:
r - a wand of lightning (4/15)
Press: ? - help, Shift-Dir - straight line You hear a mighty clap of thunder!
The bolt of lightning hits something.
This wand has 3 charges left.
Something hits you.
* * * LOW HITPOINT WARNING * * *
Something shocks you.
You die...

###.###..........#...).#
...>.............##...##
####......###....#.....#.
#......#.<..[.#.....#.####
#......#.....##.....#....#
#.............##...###.#.#
####'#........###_##.....#####
#.#........# ######.......#
#.#.#.....@####.#.........#
#.#.######){)...#.#........
#.#.###########.#.#...####.
#.#...........{.#.#.#....#.
#.###########.#...#....#.#.
#.#...# #.#######..#.#.
#.#.#.#######.###.).#....#.
#####.#.[.....#.........#...##.
#.............#.#.###[###...##.


There were no monsters in sight!

Vanquished Creatures
  Sigmund (D:3)
  An ogre (D:4)
  2 centaurs (D:5)
  5 crimson imps
  A hound (D:4)
  A bullfrog skeleton (D:4)
  A centaur skeleton (D:4)
  2 orc priests
  5 orc wizards
  Terence (D:3)
  2 worker ants (D:5)
  A worker ant zombie (D:5)
  A gnoll (D:2)
  4 adders
  2 oozes
  3 worms
  4 dart slugs
  2 leopard geckos
  14 orcs
  4 giant cockroaches
  8 hobgoblins
  3 jackals (D:4)
  6 kobolds
  3 quokkas
  7 bats
  4 frilled lizards
  6 goblins
  5 rats
99 creatures vanquished.

Notes
Turn   | Place    | Note
-------+----------+-------------------------------------------
     0 | D:1      | jerryfan the Demigod Fire Elementalist began the quest for the Orb.
     0 | D:1      | Reached XP level 1. HP: 14/14 MP: 5/5
   100 | D:1      | Reached skill level 1 in Conjurations
   296 | D:1      | Reached XP level 2. HP: 20/20 MP: 5/7
   533 | D:1      | Learned a level 2 spell: Throw Flame
  1148 | D:2      | Reached XP level 3. HP: 26/26 MP: 8/8
  1601 | D:2      | Learned a level 3 spell: Inner Flame
  1958 | D:3      | Found a blossoming altar of Fedhas.
  1964 | D:3      | Found a stormy altar of Qazlal.
  2015 | D:3      | Noticed Terence
  2061 | D:3      | Killed Terence
  2061 | D:3      | Reached XP level 4. HP: 29/34 MP: 10/10
  2626 | D:3      | Reached skill level 1 in Axes
  2831 | D:3      | Noticed Sigmund
  2850 | D:3      | Found a shimmering altar of Xom.
  2864 | D:3      | Reached XP level 5. HP: 33/39 MP: 11/11
  3114 | D:3      | Killed Sigmund
  3114 | D:3      | Reached skill level 1 in Fighting
  3114 | D:3      | Reached skill level 1 in Hexes
  3114 | D:3      | Reached XP level 6. HP: 20/47 MP: 11/13
  3694 | D:4      | Reached skill level 1 in Throwing
  4003 | D:4      | Reached XP level 7. HP: 51/52 MP: 15/15
  4023 | D:4      | Found an ancient bone altar of Kikubaaqudgha.
  4695 | D:5      | Entered Level 5 of the Dungeon
  4974 | D:5      | Found Qealeose's Gadget Emporium.
  5163 | D:5      | Identified a +0 rod of ignition (14/14) (You took it off an orc on level 5 of the Dungeon)
  5234 | D:5      | Found a sacrificial altar of Ru.
  5480 | D:5      | Upgraded the game from 0.19.0-22-gd96e5fe to 0.19.0-26-g9e9c210
  5482 | D:5      | Slain by a sky beast

Skill      XL: |  1  2  3  4  5  6  7 |
---------------+----------------------+-----
Conjurations   | 1 2 |  2.6
Fire Magic     | 3 4 |  4.7
Spellcasting   | 2 3 |  3.6
Stealth        | 2 3 |  3.1
Dodging        | 2 |  2.8
Axes           | 1 2 4 |  4.0
Fighting       | 1 |  1.7
Hexes          | 1 |  1.2
Throwing       | 1 |  1.0
Short Blades   | |  0.3

Action                   |  1- 3 |  4- 6 |  7- 9 || total
-------------------------+-------+-------+-------++-------
Melee: Hand axe          |    63 |    76 |    17 ||   156
       Dagger            |     2 |       |       ||     2
Throw: Javelin           |     5 |     2 |       ||     7
 Cast: Flame Tongue      |    29 |    11 |    13 ||    53
       Throw Flame       |    11 |    11 |    14 ||    36
       Inner Flame       |       |     6 |     2 ||     8
Evoke: Wand              |       |     3 |     8 ||    11
       Rod               |       |       |     2 ||     2
  Use: Scroll            |     5 |     4 |     1 ||    10
       Potion            |     6 |     1 |       ||     7
 Stab: Sleeping          |     4 |     2 |     1 ||     7
  Eat: Chunk             |     4 |     6 |     5 ||    15
       Beef jerky        |       |     1 |       ||     1
       Pizza             |       |       |     1 ||     1
Armor: Robe              |     9 |     9 |     7 ||    25
Dodge: Dodged            |    44 |    55 |    17 ||   116
Block: Other             |     5 |     8 |     5 ||    18
